| TOP OF THE 1ST |
|
Sacramento River Cats batting - Pitching for New Orleans Zephyrs : RHP Jose Velez
|
|
Pitching: RHP Jose Velez
|
|
|
Batting: SHB Danny Garcia
|
0-0: Reached on error, E4 (Groundball, 4, EV 86.9 MPH)
|
|
Batting: RHB Hugo Zacarias
|
0-0: Called Strike 0-1: Swinging Strike 0-2: Foul Ball, location: 2F 0-2: Foul Ball, location: 2F 0-2: Grounds into double play, 4-6-3 (Groundball, 4M, EV 88.8 MPH)
|
|
Batting: RHB Jason Gress
|
0-0: Foul Ball, location: 2F 0-1: Called Strike 0-2: Ball 1-2: Ball 2-2: Ball 3-2: Strikes out swinging
|
| Top of the 1st over - 0 runs, 0 hits, 1 error, 0 left on base; Sacramento 0 - New Orleans 0 |
| BOTTOM OF THE 1ST |
|
New Orleans Zephyrs batting - Pitching for Sacramento River Cats : RHP Tyler Smith
|
|
Pitching: RHP Tyler Smith
|
|
|
Batting: RHB Jerry Delgado
|
0-0: SINGLE (Groundball, 4, EV 95.0 MPH)
|
|
Batting: SHB Ramon Martinez
|
0-0: Foul Ball, location: 2F 0-1: Ball 1-1: Ball 2-1: Called Strike 2-2: Strikes out swinging
|
|
Batting: RHB Omar Contreras
|
0-0: Called Strike 0-1: Foul Ball, location: 2F 0-2: SINGLE (Line Drive, 78S, EV 90.6 MPH) Jerry Delgado to second
|
|
Batting: RHB Alex Gomez
|
0-0: Foul Ball, location: 2F 0-1: Ball 1-1: Swinging Strike 1-2: Ball 2-2: Ball 3-2: Base on Balls Jerry Delgado to third Omar Contreras to second
|
|
Batting: RHB Chris Lee
|
0-0: Swinging Strike 0-1: Foul Ball, location: 2F 0-2: Foul Ball, location: 2F 0-2: Ball 1-2: Strikes out swinging
|
|
Batting: RHB Jesus Castillo
|
0-0: Called Strike 0-1: Ball 1-1: SINGLE (Groundball, 56S, EV 63.1 MPH) (infield hit) Jerry Delgado scores Omar Contreras to third Alex Gomez to second
|
|
Batting: RHB Kyle Ashton
|
0-0: Ball 1-0: Ball 2-0: Ball 3-0: Base on Balls Omar Contreras scores Alex Gomez to third Jesus Castillo to second
|
|
Batting: RHB John Jackson
|
0-0: Ball 1-0: Foul Ball, location: 2F 1-1: Fly out, F3 (Popup, 23F, EV 86.3 MPH)
|
| Bottom of the 1st over - 2 runs, 3 hits, 0 errors, 3 left on base; Sacramento 0 - New Orleans 2 |
| TOP OF THE 2ND |
|
Sacramento River Cats batting - Pitching for New Orleans Zephyrs : RHP Jose Velez
|
|
Batting: LHB Nate Conley
|
0-0: Fly out, F8 (Flyball, 8LM, EV 78.1 MPH)
|
|
Batting: LHB Nick Swank
|
0-0: Ball 1-0: Called Strike 1-1: Fly out, F9 (Flyball, 89XD, EV 93.8 MPH)
|
|
Batting: LHB Fred Arends
|
0-0: Ball 1-0: Called Strike 1-1: Ground out 5-3 (Groundball, 56, EV 86.9 MPH)
|
| Top of the 2nd over - 0 runs, 0 hits, 0 errors, 0 left on base; Sacramento 0 - New Orleans 2 |
| BOTTOM OF THE 2ND |
|
New Orleans Zephyrs batting - Pitching for Sacramento River Cats : RHP Tyler Smith
|
|
Batting: RHB Humberto Oros
|
0-0: Swinging Strike 0-1: Foul Ball, location: 2F 0-2: Ball 1-2: Ball 2-2: Ball 3-2: Foul Ball, location: 2F 3-2: Ground out U3 (Groundball, 23, EV 87.5 MPH)
|
|
Batting: RHB Jerry Delgado
|
0-0: Ground out U3 (Groundball, 34, EV 87.5 MPH)
|
|
Batting: SHB Ramon Martinez
|
0-0: Swinging Strike 0-1: Ball 1-1: Fly out, F7 (Flyball, 7D, EV 97.5 MPH)
|
| Bottom of the 2nd over - 0 runs, 0 hits, 0 errors, 0 left on base; Sacramento 0 - New Orleans 2 |
| TOP OF THE 3RD |
|
Sacramento River Cats batting - Pitching for New Orleans Zephyrs : RHP Jose Velez
|
|
Batting: LHB Josh Straub
|
0-0: Ball 1-0: Called Strike 1-1: Ball 2-1: Foul Ball, location: 2F 2-2: Ground out 5-3 (Groundball, 5L, EV 104.4 MPH)
|
|
Batting: SHB Jason Spradling
|
0-0: SINGLE (Groundball, 6M, EV 107.5 MPH) (infield hit)
|
|
Batting: RHB Martin Guerrero
|
0-0: Called Strike 0-1: Ball 1-1: Grounds into double play, 6-4-3 (Groundball, 6, EV 86.3 MPH)
|
| Top of the 3rd over - 0 runs, 1 hit, 0 errors, 0 left on base; Sacramento 0 - New Orleans 2 |
| BOTTOM OF THE 3RD |
|
New Orleans Zephyrs batting - Pitching for Sacramento River Cats : RHP Tyler Smith
|
|
Batting: RHB Omar Contreras
|
0-0: Fly out, F8 (Flyball, 8RM, EV 92.5 MPH)
|
|
Batting: RHB Alex Gomez
|
0-0: Ball 1-0: Ground out 6-3 (Groundball, 6, EV 83.1 MPH)
|
|
Batting: RHB Chris Lee
|
0-0: Ball 1-0: Ground out 4-3 (Groundball, 4M, EV 82.5 MPH)
|
| Bottom of the 3rd over - 0 runs, 0 hits, 0 errors, 0 left on base; Sacramento 0 - New Orleans 2 |
| TOP OF THE 4TH |
|
Sacramento River Cats batting - Pitching for New Orleans Zephyrs : RHP Jose Velez
|
|
Batting: SHB Danny Garcia
|
0-0: Called Strike 0-1: Ball 1-1: SINGLE (Line Drive, 5D, EV 97.5 MPH)
|
|
Batting: RHB Hugo Zacarias
|
0-0: Fielders Choice at 2nd, 3-6 (Groundball, 34, EV 77.5 MPH)
|
|
Batting: RHB Jason Gress
|
0-0: Called Strike 0-1: Ball 1-1: Fly out, F8 (Flyball, 8LD, EV 106.9 MPH)
|
|
Batting: LHB Nate Conley
|
0-0: Ball 1-0: Called Strike 1-1: Ball 2-1: Swinging Strike 2-2: Ball 3-2: Foul Ball, location: 2F 3-2: Fly out, F8 (Flyball, 8RXD, EV 86.9 MPH)
|
| Top of the 4th over - 0 runs, 1 hit, 0 errors, 1 left on base; Sacramento 0 - New Orleans 2 |
| BOTTOM OF THE 4TH |
|
New Orleans Zephyrs batting - Pitching for Sacramento River Cats : RHP Tyler Smith
|
|
Batting: RHB Jesus Castillo
|
0-0: Ball 1-0: Fly out, F8 (Flyball, 89M, EV 78.1 MPH)
|
|
Batting: RHB Kyle Ashton
|
0-0: Called Strike 0-1: Ball 1-1: Called Strike 1-2: Ball 2-2: Foul Ball, location: 2F 2-2: Ground out 6-3 (Groundball, 6S, EV 87.5 MPH)
|
|
Batting: RHB John Jackson
|
0-0: SINGLE (Flyball, 34D, EV 93.1 MPH)
|
|
Batting: RHB Humberto Oros
|
0-0: Ball 1-0: Ball 2-0: Foul Ball, location: 2F 2-1: Ball 3-1: Base on Balls John Jackson to second
|
|
Batting: RHB Jerry Delgado
|
0-0: Ball 1-0: DOUBLE (Line Drive, 3D, EV 101.9 MPH) John Jackson scores Humberto Oros to third
|
|
Pinch Runner at 2nd Gebre-Giorgios Tikolo:
|
|
|
Batting: SHB Ramon Martinez
|
0-0: Ball 1-0: Called Strike 1-1: Ground out 4-3 (Groundball, 34, EV 81.3 MPH)
|
| Bottom of the 4th over - 1 run, 2 hits, 0 errors, 2 left on base; Sacramento 0 - New Orleans 3 |
| TOP OF THE 5TH |
|
Sacramento River Cats batting - Pitching for New Orleans Zephyrs : RHP Jose Velez
|
|
Now in LF: Adrian Young
|
|
|
Now in CF: Jesus Castillo
|
|
|
Batting: LHB Nick Swank
|
0-0: Foul Ball, location: 2F 0-1: Ball 1-1: Ball 2-1: Called Strike 2-2: Strikes out looking
|
|
Batting: LHB Fred Arends
|
0-0: Ball 1-0: Called Strike 1-1: SINGLE (Groundball, 34D, EV 103.8 MPH)
|
|
Batting: LHB Josh Straub
|
Pickoff Throw to First - Out! 1-3 0-0: Ball 1-0: Called Strike 1-1: Ground out U3 (Groundball, 34S, EV 78.8 MPH)
|
| Top of the 5th over - 0 runs, 1 hit, 0 errors, 0 left on base; Sacramento 0 - New Orleans 3 |
| BOTTOM OF THE 5TH |
|
New Orleans Zephyrs batting - Pitching for Sacramento River Cats : RHP Tyler Smith
|
|
Batting: RHB Omar Contreras
|
0-0: Ball 1-0: Fly out, F9 (Flyball, 9LM, EV 91.3 MPH)
|
|
Batting: RHB Alex Gomez
|
0-0: Called Strike 0-1: Ball 1-1: Ball 2-1: Foul Ball, location: 2F 2-2: Foul Ball, location: 2F 2-2: Ball 3-2: Foul Ball, location: 2F 3-2: Foul Ball, location: 2F 3-2: Foul Ball, location: 2F 3-2: Foul Ball, location: 2F 3-2: Base on Balls
|
|
Batting: RHB Chris Lee
|
0-0: Ball 1-0: Foul Ball, location: 2F 1-1: Called Strike 1-2: Strikes out swinging
|
|
Batting: RHB Jesus Castillo
|
0-0: Called Strike 0-1: Ball 1-1: Ball 2-1: Ground out U3 (Groundball, 3L, EV 77.5 MPH)
|
| Bottom of the 5th over - 0 runs, 0 hits, 0 errors, 1 left on base; Sacramento 0 - New Orleans 3 |
| TOP OF THE 6TH |
|
Sacramento River Cats batting - Pitching for New Orleans Zephyrs : RHP Jose Velez
|
|
Batting: SHB Jason Spradling
|
0-0: Swinging Strike 0-1: Foul Ball, location: 2F 0-2: Foul Ball, location: 2F 0-2: Ball 1-2: Fly out, F7 (Flyball, 7LS, EV 80.6 MPH)
|
|
Batting: RHB Martin Guerrero
|
0-0: Called Strike 0-1: Foul Ball, location: 2F 0-2: Ball 1-2: Ball 2-2: Foul Ball, location: 2F 2-2: Strikes out swinging
|
|
Batting: SHB Danny Garcia
|
0-0: Ball 1-0: Ball 2-0: Ball 3-0: Base on Balls
|
|
Batting: RHB Hugo Zacarias
|
0-0: Called Strike Danny Garcia steals 2nd base 0-1: Ball 1-1: Foul Ball, location: 2F 1-2: Foul Ball, location: 2F 1-2: Ball 2-2: Ball 3-2: Strikes out swinging
|
| Top of the 6th over - 0 runs, 0 hits, 0 errors, 1 left on base; Sacramento 0 - New Orleans 3 |
| BOTTOM OF THE 6TH |
|
New Orleans Zephyrs batting - Pitching for Sacramento River Cats : RHP Tyler Smith
|
|
Batting: RHB Kyle Ashton
|
0-0: Ball 1-0: Ball 2-0: Fly out, F4 (Popup, 3S, EV 91.3 MPH)
|
|
Batting: RHB John Jackson
|
0-0: Ground out 4-3 (Groundball, 4, EV 80.0 MPH)
|
|
Batting: RHB Humberto Oros
|
0-0: Ball 1-0: Ball 2-0: Ground out 6-3 (Groundball, 6M, EV 108.1 MPH)
|
| Bottom of the 6th over - 0 runs, 0 hits, 0 errors, 0 left on base; Sacramento 0 - New Orleans 3 |
| TOP OF THE 7TH |
|
Sacramento River Cats batting - Pitching for New Orleans Zephyrs : RHP Jose Velez
|
|
Batting: RHB Jason Gress
|
0-0: Ball 1-0: Ground out 5-3 (Groundball, 56, EV 88.1 MPH)
|
|
Batting: LHB Nate Conley
|
0-0: Ball 1-0: Called Strike 1-1: DOUBLE (Groundball, 3L, EV 103.1 MPH)
|
|
Batting: LHB Nick Swank
|
0-0: Ball 1-0: Foul Ball, location: 2F 1-1: Ball 2-1: Fly out, F6 (Popup, 6MD, EV 65.0 MPH)
|
|
Batting: LHB Fred Arends
|
0-0: Foul Ball, location: 2F 0-1: Ground out 1-3 (Groundball, 34S, EV 69.4 MPH)
|
| Top of the 7th over - 0 runs, 1 hit, 0 errors, 1 left on base; Sacramento 0 - New Orleans 3 |
| BOTTOM OF THE 7TH |
|
New Orleans Zephyrs batting - Pitching for Sacramento River Cats : RHP Tyler Smith
|
|
Batting: LHB Adrian Young
|
0-0: Ball 1-0: Ball 2-0: Ball 3-0: Base on Balls
|
|
Pitching: LHP Gael Greene
|
|
|
Batting: SHB Ramon Martinez
|
0-0: Ball Adrian Young steals 2nd base 1-0: Ball 2-0: Sac Bunt to 25 - play at first, batter OUT! 5-4 Adrian Young to third
|
|
Batting: RHB Omar Contreras
|
0-0: Called Strike 0-1: Ball 1-1: DOUBLE (Line Drive, 9LM, EV 112.5 MPH) Adrian Young scores
|
|
Batting: RHB Alex Gomez
|
0-0: Ball 1-0: Ball 2-0: Fly out, F9 (Line Drive, 9, EV 95.0 MPH)
|
|
Batting: RHB Chris Lee
|
0-0: Ball 1-0: Called Strike 1-1: Called Strike 1-2: Strikes out looking
|
| Bottom of the 7th over - 1 run, 1 hit, 0 errors, 1 left on base; Sacramento 0 - New Orleans 4 |
| TOP OF THE 8TH |
|
Sacramento River Cats batting - Pitching for New Orleans Zephyrs : RHP Jose Velez
|
|
Batting: LHB Josh Straub
|
0-0: Ground out 4-3 (Groundball, 4, EV 85.0 MPH)
|
|
Batting: SHB Jason Spradling
|
0-0: Ground out 4-3 (Groundball, 4, EV 88.1 MPH)
|
|
Batting: RHB Martin Guerrero
|
0-0: Called Strike 0-1: Foul Ball, location: 2F 0-2: Ball 1-2: Ball 2-2: Ground out 5-3 (Groundball, 56, EV 101.9 MPH)
|
| Top of the 8th over - 0 runs, 0 hits, 0 errors, 0 left on base; Sacramento 0 - New Orleans 4 |
| BOTTOM OF THE 8TH |
|
New Orleans Zephyrs batting - Pitching for Sacramento River Cats : LHP Gael Greene
|
|
Batting: RHB Jesus Castillo
|
0-0: Called Strike 0-1: Swinging Strike 0-2: Strikes out looking
|
|
Batting: RHB Kyle Ashton
|
0-0: Ball 1-0: Ball 2-0: SINGLE (Groundball, 6D, EV 103.1 MPH)
|
|
Batting: RHB John Jackson
|
0-0: Swinging Strike 0-1: SINGLE (Groundball, 4M, EV 91.3 MPH) (infield hit) Kyle Ashton to second
|
|
Batting: RHB Humberto Oros
|
0-0: Ball 1-0: Fielders Choice at 2nd, 3-6 (Groundball, 13, EV 84.4 MPH) Kyle Ashton to third
|
|
Batting: LHB Adrian Young
|
0-0: Ball 1-0: Called Strike 1-1: Ball 2-1: Ball 3-1: Foul Ball, location: 2F 3-2: Fly out, F7 (Flyball, 78D, EV 104.4 MPH)
|
| Bottom of the 8th over - 0 runs, 2 hits, 0 errors, 2 left on base; Sacramento 0 - New Orleans 4 |
| TOP OF THE 9TH |
|
Sacramento River Cats batting - Pitching for New Orleans Zephyrs : RHP Jose Velez
|
|
Batting: SHB Danny Garcia
|
0-0: Foul Ball, location: 2F 0-1: Swinging Strike 0-2: Ball 1-2: Foul Ball, location: 2F 1-2: Foul Ball, location: 2F 1-2: Ground out 4-3 (Groundball, 4MD, EV 86.3 MPH)
|
|
Pitching: RHP David Laska
|
|
|
Batting: RHB Hugo Zacarias
|
0-0: Ball 1-0: Ground out 4-3 (Groundball, 4, EV 94.4 MPH)
|
|
Batting: RHB Jason Gress
|
0-0: Ball 1-0: Ball 2-0: Ball 3-0: Base on Balls
|
|
Batting: LHB Nate Conley
|
0-0: Ball 1-0: Fielders Choice at 2nd, U6 (Groundball, 4, EV 84.4 MPH)
|
| Top of the 9th over - 0 runs, 0 hits, 0 errors, 1 left on base; Sacramento 0 - New Orleans 4 |
|